 Dungeon Crawl Stone Soup version 0.29-a0-371-g91724d5b39 (webtiles) character file.

Game seed: 9112660164717498860

7558 bande the Blocker (level 11, -6/64 HPs)
             Began as a Gargoyle Fighter on May 3, 2022.
             Was a High Priest of Okawaru.
             Mangled by an ice beast (13 damage)
             ... summoned by Fannar
             ... on level 10 of the Dungeon.
             The game lasted 00:26:52 (11393 turns).

bande the Blocker (Gargoyle Fighter)               Turns: 11393, Time: 00:26:52

Health: -6/64      AC: 27    Str: 23    XL:     11   Next: 17%
Magic:  16/16      EV:  7    Int:  9    God:    Okawaru [*****.]
Gold:   463        SH: 15    Dex: 13    Spells: 10/10 levels left

rFire   . . .      SeeInvis +   a - +0 war axe (vamp)
rCold   . . .      Faith    .   e - +3 kite shield "Ocixkut" {rPois Str+3}
rNeg    + . .      Spirit   .   k - +0 chain mail
rPois   ∞          Reflect  .   g - +2 helmet {SInv}
rElec   +          Harm     .   f - +2 cloak
rCorr   .          Rampage  .   (no gloves)
Will    .....                   w - +0 pair of boots
Stlth   ..........              b - amulet of regeneration
HPRegen 1.00/turn               (no ring)
MPRegen 0.15/turn               (no ring)

@: mighty, studying 2 skills
A: sickness immunity, AC +8, negative energy resistance 1, electricity
resistance, torment resistance 1, petrification resistance
a: Renounce Religion, Heroism, Finesse, Duel


You were on level 10 of the Dungeon.
You worshipped Okawaru.
Okawaru was extremely pleased with you.
You visited 2 branches of the dungeon, and saw 11 of its levels.

You collected 463 gold pieces.

Inventory:

Hand Weapons
 a - a +0 vampiric war axe (weapon)
 v - a +5 flail of freezing
 A - a +1 war axe of freezing
Armour
 e - the +3 kite shield "Ocixkut" (worn) {rPois Str+3}
   (You acquired it on level 1 of the Dungeon)

   Str:       It affects your strength (+3).
   rPois:     It protects you from poison.
 f - a +2 cloak (worn)
 g - a +2 helmet of see invisible (worn)
 k - a +0 chain mail (worn)
 w - a +0 pair of boots (worn)
Jewellery
 b - an amulet of regeneration (around neck)
 c - an amulet of the acrobat
 m - a ring of ice
Wands
 q - a wand of iceblast (9)
 x - a wand of digging (5)
 y - a wand of flame (24)
 B - a wand of paralysis (7)
 C - a wand of polymorph (4)
 E - a wand of acid (3)
Scrolls
 h - a scroll of blinking
 r - 2 scrolls of teleportation
 s - 4 scrolls of magic mapping
 t - a scroll of enchant armour
 z - a scroll of fear
Potions
 i - 4 potions of curing
 j - a potion of brilliance {unknown}
 l - 2 potions of haste
 n - a potion of berserk rage {unknown}
 o - 3 potions of mutation {unknown}
 u - a potion of ambrosia {unknown}
 D - a potion of cancellation {unknown}


   Skills:
 + Level 5.8 Fighting
 + Level 8.7 Axes
 + Level 8.2 Armour
 + Level 12.0 Shields
 * Level 7.9 Invocations
 * Level 6.5 Evocations


You had 10 spell levels left.
You didn't know any spells.
Your spell library contained the following spells:

 Spells                   Type           Power      Damage    Failure   Level
 Ensorcelled Hibernation  Hex/Ice        0%         N/A       100%        2
 Passwall                 Tmut/Erth      0%         N/A       100%        2
 Static Discharge         Conj/Air       0%         N/A       100%        2
 Portal Projectile        Hex/Tloc       0%         N/A       100%        3
 Swiftness                Air            0%         N/A       100%        3
 Teleport Other           Tloc           0%         N/A       100%        3
 Cause Fear               Hex            0%         N/A       100%        4
 Dispel Undead            Necr           0%         3d6       100%        4
 Sticky Flame             Conj/Fire      0%         2d3       100%        4
 Dispersal                Tloc           0%         N/A       100%        6
 Summon Small Mammal      Summ           Unusable   N/A       N/A         1
 Call Canine Familiar     Summ           Unusable   N/A       N/A         3
 Summon Guardian Golem    Hex/Summ       Unusable   N/A       N/A         3

Dungeon Overview and Level Annotations

Branches:
Dungeon (10/15)            Temple (1/1) D:4
   Lair: D:8-11         Orc: D:9-12

Altars:
Ashenzari
Cheibriados
Dithmenos
Elyvilon
Fedhas
Gozag
Hepliaklqana
Kikubaaqudgha
Makhleb
Nemelex Xobeh
Okawaru
Qazlal
Ru
Sif Muna
Trog
Uskayaw
Vehumet
Wu Jian
Xom
Yredelemnul
Zin
The Shining One

Shops:
D:3 :   D:4 *

Annotations:
D:10 Fannar


Innate Abilities, Weirdness & Mutations

You are immune to sickness and miasma.
Your stone body is resilient. (AC +8)
You are immune to poison.
You resist negative energy. (rN+)
You are resistant to electric shocks. (rElec)
You are resistant to unholy torment.
You are immune to petrification.


Message History

Fannar is severely wounded.
You slash the ice beast!
Fannar mumbles some strange words.
You block the ice beast's attack.
Unknown command.
You feel better.
Fannar casts a spell.
Fannar drains the heat from the surrounding environment!
* * * LOW HITPOINT WARNING * * *
You block the ice beast's attack.
You feel much better.
Fannar mumbles some strange words.
Fannar blinks!
You block the ice beast's attack.
You slice the ice beast!!
The ice beast is severely wounded.
You closely miss the ice beast.
Fannar mumbles some strange words.
Fannar drains the heat from the surrounding environment!
* * * LOW HITPOINT WARNING * * *
You block the ice beast's attack. The ice beast barely misses you.
Unknown command.
You barely miss the ice beast.
The ice beast is severely wounded.
You slash the ice beast! Fannar gestures at you while chanting.
The bolt of cold hits the ice beast.
The ice beast completely resists.
The bolt of cold misses you.
The ice beast hits you but does no damage. x2
You completely miss the ice beast.
The ice beast is severely wounded.
You barely miss the ice beast.
The ice beast hits you but does no damage.
You block the ice beast's attack.
Unknown command.
You closely miss the ice beast.
The ice beast is severely wounded.
You closely miss the ice beast. The ice beast hits you.
* * * LOW HITPOINT WARNING * * *
The ice beast freezes you!
You die...

..............
......... #..# .# .
......... #..# ..##..
........# #..# ......
........###..# ......
........)....####......
.....#####.......# ...
#Y####..# #..# . #@#
#..# #..# #Y# #..# #..#
#e# #.)# #..# ..####..#
#..# ........# #..#
....####.####..####
#... #........... #...#
#.#####..... #.# #.....


You could see Fannar and 2 ice beasts.

Vanquished Creatures
  A two-headed ogre (D:10)
  An ugly thing (D:8)
  Maurice (D:10)
  Maggie (D:7)
  3 trolls
  2 wyverns
  14 yaks
  4 water moccasins
  4 ice beasts
  2 sky beasts (D:8)
  2 ogres
  4 centaurs
  2 kobold brigands
  3 bullfrogs
  A necrophage (D:7)
  A gnoll sergeant (D:9)
  3 scorpions
  5 wights
  3 howler monkeys
  6 hounds
  A gnoll shaman (D:4)
  2 iguanas
  A centaur simulacrum (D:8)
  A killer bee simulacrum (D:8)
  Robin (D:2)
  8 gnolls
  6 adders
  4 shadow imps
  A white imp (D:8)
  A howler monkey simulacrum (D:8)
  An ufetubus (D:6)
  A worm (D:4)
  3 dart slugs
  19 orcs
  7 ball pythons
  6 bats
  6 endoplasms
  3 giant cockroaches
  12 goblins
  9 hobgoblins
  15 kobolds
  10 quokkas
  2 frilled lizards (D:3)
  A rat (D:2)
184 creatures vanquished.

Notes
Turn   | Place    | Note
-------+----------+-------------------------------------------
     0 | D:1      | bande the Gargoyle Fighter began the quest for the Orb.
     0 | D:1      | Reached XP level 1. HP: 14/14 MP: 1/1
   306 | D:1      | Reached XP level 2. HP: 19/19 MP: 2/2
   621 | D:1      | Identified 3 scrolls of acquirement
   621 | D:1      | Acquired the +3 kite shield "Ocixkut" {rPois Str+3}
   738 | D:1      | Reached XP level 3. HP: 24/24 MP: 3/3
   986 | D:2      | Acquired a +2 helmet of see invisible
   993 | D:2      | Acquired a manual of Shields
  1110 | D:2      | Found a faded altar of an unknown god.
  1608 | D:3      | Noticed Robin
  1627 | D:2      | Killed Robin
  1628 | D:2      | Reached XP level 4. HP: 23/29 MP: 4/4
  2013 | D:3      | Reached skill level 5 in Axes
  2013 | D:3      | Reached skill level 8 in Shields
  2013 | D:3      | Reached skill level 5 in Invocations
  2013 | D:3      | Reached XP level 5. HP: 33/33 MP: 4/8
  2146 | D:3      | Found an iron altar of Okawaru.
  2146 | D:3      | Found a hazy altar of Hepliaklqana.
  2230 | D:3      | Found Seiter's Book Emporium.
  2317 | D:3      | Got the Disquisition on the Enchanting Compass
  2783 | D:4      | Found a glowing golden altar of the Shining One.
  2814 | D:4      | Found a staircase to the Ecumenical Temple.
  2839 | Temple   | Entered the Ecumenical Temple
  3190 | D:4      | Found Otte Ast's Gadget Gallery.
  3303 | D:4      | Reached XP level 6. HP: 38/38 MP: 10/10
  3503 | D:4      | Reached skill level 9 in Shields
  4258 | D:3      | Became a worshipper of Warmaster Okawaru
  4308 | D:5      | Entered Level 5 of the Dungeon
  4353 | D:5      | Noticed a water moccasin
  4364 | D:5      | Killed a water moccasin
  4365 | D:5      | Reached XP level 7. HP: 43/43 MP: 11/11
  4584 | D:5      | Found a burning altar of Makhleb.
  4622 | D:5      | Found a sparkling altar of Nemelex Xobeh.
  4642 | D:5      | Found a stormy altar of Qazlal.
  4711 | D:5      | Reached * piety under Okawaru
  4869 | D:6      | Noticed a troll
  4885 | D:6      | Killed a troll
  4886 | D:6      | Reached XP level 8. HP: 34/48 MP: 12/12
  5799 | D:6      | Reached skill level 5 in Evocations
  6519 | D:6      | Reached ** piety under Okawaru
  6792 | D:7      | Reached skill level 10 in Shields
  6857 | D:7      | Reached XP level 9. HP: 52/52 MP: 13/13
  6924 | D:7      | Noticed Maggie
  6947 | D:7      | Killed Maggie
  8830 | D:8      | Noticed a red ugly thing
  8848 | D:8      | HP: 2/53 [yak (8)]
  8849 | D:8      | Reached skill level 5 in Fighting
  9017 | D:7      | Reached *** piety under Okawaru
  9177 | D:8      | Killed a red ugly thing
  9178 | D:8      | Reached XP level 10. HP: 43/59 MP: 15/15
  9297 | D:8      | Reached skill level 11 in Shields
  9320 | D:8      | Reached **** piety under Okawaru
 10499 | D:9      | Reached ***** piety under Okawaru
 10957 | D:10     | Entered Level 10 of the Dungeon
 11176 | D:10     | Reached XP level 11. HP: 56/64 MP: 16/16
 11262 | D:10     | Noticed Maurice
 11290 | D:10     | Killed Maurice
 11321 | D:10     | Noticed Fannar
 11341 | D:10     | Noticed a two-headed ogre
 11362 | D:10     | Killed a two-headed ogre
 11363 | D:10     | Reached skill level 12 in Shields
 11393 | D:10     | Mangled by an ice beast

Illustrated notes

Levels and vault maps discovered:
D:1:      nzn_arrival_water_spiral, layout_rooms
D:2:      layout_basic, dreamdust_ecumenical_altar_grove, due_unseen_surprise
D:3:      layout_loops_ring, amethyst_overflow_temple_binary, serial_shops,
          nicolae_lakefront_shop, minmay_pentomino_pile, uniq_robin
D:4:      layout_layer_cave, old_standard_altar, temple_hall,
          hangedman_abyss_or_decor_lesser_grid, nicolae_shop_gadgets
D:5:      layout_cave_pools, mainiacjoe_overflow_cross_hatched, kennysheep_mini,
          grunt_qazlal_sundering, kennysheep_boxes
D:6:      kennysheep_spiral_hall, layout_loops_ring
D:7:      layout_cave_pools, minmay_between, uniq_maggie
D:8:      layout_basic, serial_ice, serial_ice_i, serial_ice_g, serial_ice_e,
          serial_ice_b, kennysheep_generic_room_8
D:9:      layout_loops_corners
D:10:     argonaut_augean_stables, layout_small_grid, uniq_maurice, uniq_urug,
          uniq_josephine, uniq_fannar
Temple:   eino_temple_scatter_basement

Skill      XL: |  1  2  3  4  5  6  7  8  9 10 11 |
---------------+----------------------------------+-----
Axes           | 2 5 6 7 8 |  8.7
Armour         | 4 6 7 8 |  8.2
Shields        | 8 9 10 11 12 | 12.0
Invocations    | 5 6 7 |  7.9
Evocations     | 4 5 6 |  6.5
Fighting       | 4 5 |  5.8

Action                   |  1- 3 |  4- 6 |  7- 9 | 10-12 || total
-------------------------+-------+-------+-------+-------++-------
Melee: War axe           |    98 |   136 |   324 |   317 ||   875
  Use: Scroll            |     8 |     7 |     4 |     1 ||    20
       Potion            |       |     1 |     1 |     5 ||     7
Armor: Scale mail        |    56 |    60 |       |       ||   116
       Chain mail        |       |     9 |   182 |   186 ||   377
Dodge: Dodged            |    50 |    46 |    85 |    76 ||   257
Block: Kite shield       |    42 |   107 |   281 |   250 ||   680
       Buckler           |     7 |       |       |       ||     7

Table legend: (Time is in decaauts)
 A = Elapsed time spent in this place.
 B = Non-inter-level travel time spent in this place.
 C = Inter-level travel time spent in this place.
 D = Time resting spent in this place.
 E = Time spent auto-exploring this place.
 F = Levels seen in this place.
 G = Mean time per level.
                   A        B        C        D        E       F      G
               +--------+--------+--------+--------+--------+-----+--------+
         Total |  11673 |  11472 |    201 |   2065 |   5648 |  11 | 1061.2 |
       Dungeon |  11392 |  11191 |    201 |   2065 |   5490 |  10 | 1139.2 |
        Temple |    281 |    281 |      0 |      0 |    158 |   1 |  281.0 |
               +--------+--------+--------+--------+--------+-----+--------+

Top non-repeatable levels by time:
     D:6: 1732 daAuts
     D:4: 1660 daAuts
     D:9: 1210 daAuts
     D:2: 1200 daAuts
     D:8: 1118 daAuts
     D:7: 1104 daAuts
     D:3: 1093 daAuts
     D:5: 935 daAuts
     D:1: 894 daAuts
    D:10: 442 daAuts
  Temple: 281 daAuts
